Map: Dash and Terminal LE (Void)

Players

Killdog

  • Race: Terran Terran

Evilpickel

  • Race: Terran Terran
  • League: Gold

iQuitBYE - Winner!

  • Race: Protoss Protoss
  • League: Grandmaster

MoonLjth - Winner!

  • Race: Protoss Protoss
  • League: Platinum

VOD

Have the link to the VOD?

Description

Time

  • Played on: Oct. 2, 2015, 11:57 a.m.
  • Length: 11:10
Show
View Real Time Build Order
Export as new Build Order

Killdog Terran 

Build Orders: MMM Bio 

Get SALT Encoding   

  12  0:01  SCV  
  13  0:13  SCV  
  14  0:25  SCV  
  15  0:29  Supply Depot  
  15  0:51  SCV  
  16  0:58  Barracks  
  16  1:03  SCV  
  17  1:06  Refinery  
  17  1:15  SCV  
  18  1:20  Supply Depot  
  18  1:27  SCV  
  20  1:48  Marine  
  20  1:50  Orbital Command  
  20  2:00  Barracks  
  20  2:05  Barracks  
  20  2:10  Bunker  
  20  2:14  Marine  
  21  2:16  SCV  
  21  2:22  Refinery  
  22  2:28  SCV  
  23  2:34  Barracks Tech Lab  
  23  2:40  SCV  
  24  2:48  Factory  
  24  2:51  Barracks Tech Lab  
  24  2:52  SCV  
  24  2:53  Barracks Reactor  
  25  3:02  Marine  
  25  3:04  SCV  
  27  3:12  Stimpack  
  27  3:13  Marine  
  27  3:19  Supply Depot  
  28  3:24  Command Center  
  28  3:32  Combat Shields  
  28  3:39  Marauder  
  28  3:40  Marine  
  31  3:54  Supply Depot x2  
  31  3:55  Supply Depot  
  31  4:02  Marauder  
  33  4:08  Marauder  
  35  4:22  Factory Reactor  
  35  4:23  Marauder  
  37  4:25  Starport  
  37  4:29  SCV, Marauder  
  40  4:35  Marine  
  41  4:44  Marauder  
  43  4:50  Engineering Bay  
  43  5:01  Marauder  
  43  5:04  Marine x2  
  43  5:06  SCV, Marauder  
  50  5:18  Planetary Fortress  
  50  5:23  Marauder  
  50  5:28  Concussive Shells  
  50  5:41  Marauder, Marine  
  53  5:43  Medivac  
  55  6:06  SCV  
  56  6:12  Supply Depot  
  56  6:18  SCV  
  56  6:22  SCV  
  56  6:23  Supply Depot  
  56  6:25  Supply Depot  
  58  6:27  Supply Depot  
  58  6:29  Engineering Bay  
  58  6:31  SCV  
  59  6:34  SCV  
  59  6:37  Medivac x2  
  64  6:43  SCV  
  64  6:55  SCV  
  64  6:59  Marine x2, Marauder  
  64  7:00  Marauder  
  71  7:17  Marine x2  
  71  7:21  Marauder x2  
  77  7:29  Terran Infantry Weapons Level 1, Refinery  
  77  7:31  Refinery  
  77  7:35  Marine x2  
  79  7:38  Barracks  
  79  7:39  Barracks  
  79  7:42  Marauder x2  
  79  7:43  Barracks  
  69  7:55  Marine  
  69  7:58  Medivac x2  
  74  8:03  Marauder  
  74  8:04  Marauder  
  78  8:17  Marine x2  
  80  8:23  Terran Infantry Armor Level 1  
  80  8:25  Marauder x2  
  84  8:29  Marine  
  84  8:30  Marine x2  
  84  8:33  Command Center  
  87  8:35  Marine  
  88  8:46  Marauder  
  88  8:47  Missile Turret  
  90  8:58  Marauder, Marine x2  
  94  9:11  Barracks Reactor  
  94  9:14  Barracks Tech Lab x2  
  94  9:16  Supply Depot  
  94  9:18  Supply Depot  
  94  9:21  Barracks Tech Lab  
  94  9:34  Armory x2  
  94  9:37  Marine x2  
  94  9:38  Marauder  
  98  9:42  Engineering Bay  
  86  9:59  Marauder, Reaper, Marine x2  
  47  10:06  Marine  
  30  10:16  Marine  
  30  10:17  Marauder  
  30  10:19  Marine x2  
  30  10:20  Marine  
  36  10:22  SCV  
  37  10:30  Marine  
  37  10:35  Marine x2  
  39  10:37  Marine  
  39  10:38  Marauder  
  39  10:39  Marauder  
Show
View Real Time Build Order
Export as new Build Order

Evilpickel Terran 

Build Orders:  

Get SALT Encoding   

  12  0:00  Probe (Chrono Boost)  
  13  0:14  Pylon  
  13  0:17  Probe (Chrono Boost)  
  14  0:27  Probe (Chrono Boost)  
  15  0:35  Gateway  
  15  0:38  Probe (Chrono Boost)  
  16  0:47  Assimilator  
  16  0:50  Probe (Chrono Boost)  
  17  1:00  Probe (Chrono Boost)  
  18  1:10  Probe (Chrono Boost)  
  19  1:18  Assimilator  
  19  1:20  Probe (Chrono Boost)  
  19  1:24  Cybernetics Core  
  20  1:30  Probe (Chrono Boost)  
  21  1:51  Nexus  
  21  1:57  Pylon  
  21  2:01  Stalker  
  23  2:09  Warp Gate  
  24  2:17  Probe (Chrono Boost)  
  24  2:30  Probe (Chrono Boost)  
  24  2:32  Twilight Council  
  25  2:40  Mothership Core (Chrono Boost)  
  27  2:47  Stalker  
  27  2:50  Blink  
  29  2:58  Probe (Chrono Boost)  
  29  3:03  Pylon  
  30  3:06  Probe (Chrono Boost)  
  30  3:09  Probe (Chrono Boost)  
  32  3:16  Probe (Chrono Boost)  
  34  3:21  Probe (Chrono Boost)  
  34  3:26  Probe (Chrono Boost)  
  35  3:33  Probe (Chrono Boost)  
  36  3:34  Robotics Facility  
  36  3:37  Probe (Chrono Boost)  
  37  3:45  Probe (Chrono Boost)  
  37  3:47  Probe (Chrono Boost)  
  39  3:53  Gateway  
  39  3:57  Probe x2 (Chrono Boost)  
  41  4:08  Pylon  
  41  4:09  Probe x2 (Chrono Boost)  
  42  4:11  Gateway  
  42  4:14  Assimilator  
  43  4:23  Observer  
  44  4:26  Probe (Chrono Boost), Pylon  
  44  4:27  Probe (Chrono Boost)  
  44  4:30  Stalker  
  48  4:37  Probe (Chrono Boost)  
  48  4:38  Probe (Chrono Boost)  
  50  4:49  Probe (Chrono Boost)  
  50  4:50  Probe (Chrono Boost)  
  52  4:54  Observer  
  52  4:55  Stalker  
  52  4:56  Stalker  
  58  5:01  Probe (Chrono Boost)  
  58  5:05  Nexus  
  58  5:07  Probe (Chrono Boost), Pylon  
  59  5:13  Probe (Chrono Boost)  
  60  5:16  Pylon  
  60  5:17  Stalker  
  60  5:18  Stalker  
  65  5:22  Probe (Chrono Boost)  
  65  5:25  Probe (Chrono Boost)  
  66  5:28  Immortal  
  66  5:30  Stalker  
  66  5:32  Probe (Chrono Boost)  
  69  5:39  Assimilator  
  74  5:42  Probe (Chrono Boost)  
  74  5:43  Probe (Chrono Boost)  
  75  5:53  Probe (Chrono Boost)  
  75  5:55  Probe (Chrono Boost)  
  77  6:02  Stalker x3  
  77  6:03  Probe (Chrono Boost)  
  82  6:05  Immortal  
  82  6:08  Gateway  
  82  6:11  Pylon  
  82  6:17  Pylon  
  86  6:26  Probe (Chrono Boost)  
  86  6:28  Probe (Chrono Boost)  
  88  6:36  Probe (Chrono Boost)  
  89  6:40  Forge  
  89  6:42  Forge  
  89  6:43  Probe (Chrono Boost)  
  90  6:47  Stalker x3  
  90  6:51  Immortal  
  90  6:53  Probe (Chrono Boost), Protoss Ground Weapons Level 1  
  97  6:54  Protoss Ground Armor Level 1  
  97  6:55  Pylon  
  97  6:58  Probe (Chrono Boost)  
  97  7:00  Probe (Chrono Boost)  
  103  7:02  Assimilator  
  103  7:03  Probe (Chrono Boost)  
  103  7:08  Probe (Chrono Boost), Charge  
  104  7:11  Assimilator  
  105  7:21  Photon Cannon  
  105  7:24  Stalker x2  
  105  7:25  Photon Cannon  
  105  7:28  Probe (Chrono Boost)  
  110  7:34  Photon Cannon  
  110  7:35  Immortal  
  114  7:41  Stalker x2  
  114  7:53  Stalker  
  114  7:54  Stalker, Probe (Chrono Boost)  
  114  7:56  Probe (Chrono Boost)  
  120  7:59  Probe (Chrono Boost)  
  120  8:05  Stalker x2  
  125  8:16  Gateway  
  125  8:17  Gateway  
  125  8:19  Gateway  
  125  8:23  Gateway  
  125  8:29  Protoss Ground Armor Level 2  
  125  8:31  Stalker  
  125  8:33  Pylon  
  123  8:36  Protoss Ground Weapons Level 2  
  125  8:43  Warp Prism  
  123  8:50  Gateway  
  123  8:54  Pylon  
  123  8:56  Pylon  
  123  8:58  Pylon  
  123  9:00  Pylon  
  123  9:01  Templar Archives  
  123  9:03  Zealot, Pylon  
  125  9:12  Pylon  
  125  9:17  Zealot x3  
  125  9:18  Zealot x3  
  138  9:25  Probe (Chrono Boost)  
  138  9:27  Pylon  
  138  9:30  Zealot  
  138  9:31  Zealot  
  142  9:33  Pylon  
  142  9:34  Immortal  
  142  9:37  Pylon  
  146  9:44  Probe (Chrono Boost)  
  144  9:57  Zealot x4  
  144  9:58  Zealot x4  
  138  10:10  Probe (Chrono Boost)  
  138  10:13  Observer  
  140  10:28  High Templar x2  
  140  10:29  High Templar x5  
  140  10:30  High Templar  
  140  10:31  Gateway, Archon x4  
  140  10:33  Gateway  
  156  10:35  Gateway  
  156  10:39  Probe (Chrono Boost)  
  156  10:40  Probe (Chrono Boost)  
  158  10:48  Gateway  
  158  10:49  Gateway  
Show
View Real Time Build Order
Export as new Build Order

iQuitBYE Protoss - Winner!

Build Orders:  

Get SALT Encoding   

Show
View Real Time Build Order
Export as new Build Order

MoonLjth Protoss - Winner!

Build Orders:  

Get SALT Encoding   

Tags
 
Add a new tag
Caveats
  • Supply blocks, unpowered buildings, or Contaminate may cause inaccurate times.
  • Supply counts are checked every 10 seconds.